 Dungeon Crawl Stone Soup version 0.30-a0-715-gdb4ae3ece1 (webtiles) character file.

Game seed: 13716893324939955554

236508 mopl the Polluter (level 20, -2/162 HPs)
             Began as a Formicid Venom Mage on Jan 23, 2023.
             Was the Champion of Cheibriados.
             Slain by the 24-headed Lernaean hydra (4 damage)
             ... on level 4 of the Swamp.
             The game lasted 01:28:06 (31060 turns).

mopl the Polluter (Formicid Venom Mage)            Turns: 31060, Time: 01:28:06

Health: -2/162     AC: 13    Str: 37    XL:     20   Next: 87%
Magic:  0/32       EV: 22    Int: 33    God:    Cheibriados [******]
Gold:   4824       SH: 29    Dex: 29    Spells: 11/27 levels left

rFire   + . .      SeeInvis +    b - +12 battleaxe of Bilamoc {flame, Will+}
rCold   + + +      Faith    .    V - +0 tower shield
rNeg    . . .      Spirit   +    X - +4 skin of Zhor {*Englaciate rC+++ SInv}
rPois   +          Reflect  .    (helmet unavailable)
rElec   +          Harm     .    y - scarf {rC+ rF+}
rCorr   +          Rampage  .    N - +1 pair of gloves {hurl}
Will    +++..                    T - +2 pair of boots {Fly}
Stlth   ++++                     w - brooch of Shielding {Spirit SH+8}
HPRegen 0.47/turn                O - ring "Luj Mufe" {rPois rCorr Str+3 Slay+3}
MPRegen 0.23/turn                U - ring "Bor Poeg" {rElec rCorr Slay+4}

@: mighty, flying, studying 2 skills, very slow
A: permanent stasis, dig shafts and tunnels, antennae 3, four strong arms,
MP-powered wands
a: Dig, Shaft Self, Renounce Religion, Bend Time, Temporal Distortion, Slouch,
Step From Time


You were on level 4 of the Swamp.
You worshipped Cheibriados.
Cheibriados was exalted by your worship.
You visited 6 branches of the dungeon, and saw 30 of its levels.
You visited the Abyss 1 time.
You also visited: Gauntlet and Ice Cave.

You collected 5495 gold pieces.
You spent 671 gold pieces at shops.

Inventory:

Hand Weapons
 a - the +8 broad axe of Glory {freeze, rElec Int+2}
   (You found it on level 11 of the Dungeon)

   Int:       It affects your intelligence (+2).
   rElec:     It insulates you from electricity.
 b - the +12 battleaxe of Bilamoc (weapon) {flame, Will+}
   (You found it on level 11 of the Dungeon)

   Will:      It increases your willpower.
 Z - the +5 demon whip "Spellbinder" {antimagic, disrupt, Will+}
   (You took it off a deep elf demonologist on level 3 of the Elven Halls)

   Will:      It increases your willpower.
Missiles
 d - 92 poisoned darts
 f - 2 throwing nets
 G - 9 curare-tipped darts
 H - 8 javelins
 L - 24 boomerangs
Armour
 y - a scarf of resistance (worn)
 I - +0 swamp dragon scales
 N - a +1 pair of gloves of hurling (worn)
 T - a +2 pair of boots of flying (worn)
 V - a +0 tower shield (worn)
 X - the +4 skin of Zhor (worn) {*Englaciate rC+++ SInv}
   (You found it in an ice cave)

   *Englaciate: It radiates cold, occasionally slowing all nearby creatures who
   are not resistant to cold.
   rC:        It renders you almost immune to cold.
   SInv:      It lets you see invisible.
Jewellery
 w - the brooch of Shielding (around neck) {Spirit SH+8}
   (You acquired it on level 3 of the Dungeon)

   [amulet of guardian spirit]

   It causes incoming damage to be divided between your reserves of health and
   magic.
   SH:        It affects your SH (+8).
 O - the ring "Luj Mufe" (left hand) {rPois rCorr Str+3 Slay+3}
   (You took it off a deep elf pyromancer on level 12 of the Dungeon)

   [ring of resist corrosion]

   Str:       It affects your strength (+3).
   Slay:      It affects your accuracy & damage with ranged weapons and melee
   (+3).
   rPois:     It protects you from poison.
   rCorr:     It protects you from acid and corrosion.
 U - the ring "Bor Poeg" (right hand) {rElec rCorr Slay+4}
   (You found it on level 5 of the Lair of Beasts)

   [ring of slaying]

   Slay:      It affects your accuracy & damage with ranged weapons and melee
   (+4).
   rElec:     It insulates you from electricity.
   rCorr:     It protects you from acid and corrosion.
Wands
 g - a wand of charming (34)
 o - a wand of roots (19)
 B - a wand of acid (10)
 E - a wand of mindburst (31)
 M - a wand of polymorph (33)
 Q - a wand of digging (16)
 S - a wand of flame (34)
Scrolls
 e - a scroll of enchant armour
 i - 6 scrolls of fear
 m - 7 scrolls of immolation
 t - 3 scrolls of fog
 u - a scroll of amnesia
 x - 3 scrolls of butterflies
 C - 2 scrolls of silence {!r}
 D - 6 scrolls of poison
 J - 8 scrolls of vulnerability
 K - 3 scrolls of magic mapping
Potions
 h - 12 potions of ambrosia
 j - a potion of magic
 n - 6 potions of lignification {!q}
 q - 2 potions of resistance
 r - 16 potions of curing
 s - 3 potions of might
 v - a potion of mutation {!q}
 z - 4 potions of cancellation
 F - 8 potions of flight
 P - 2 potions of invisibility
Miscellaneous
 c - a tin of tremorstones (2/2)
 k - a phial of floods
 l - a phantom mirror
 p - a lightning rod (4/4)
 A - a condenser vane
 Y - a box of beasts


   Skills:
 + Level 15.0 Fighting
 * Level 14.5 Axes
 + Level 15.0 Armour
 + Level 11.2 Dodging
 + Level 6.4 Stealth
 + Level 11.7 Shields
 - Level 4.0 Spellcasting
 + Level 7.6 Transmutations
 + Level 18.5 Poison Magic
 - Level 16.0 Invocations
 + Level 12.2 Evocations


You had 11 spell levels left.
You knew the following spells:

 Your Spells              Type           Power      Damage    Failure   Level
a - Sting                 Tmut/Pois      100%       1d8       1%          1
b - Alistair's Intoxicat  Tmut/Pois      50%        N/A       2%          5
c - Eringya's Noxious Bo  Tmut/Pois      37%        N/A       13%         6
o - Olgreb's Toxic Radia  Pois           91%        N/A       1%          4

Your spell library contained the following spells:

 Spells                   Type           Power      Damage    Failure   Level
 Poisonous Vapours        Pois/Air       100%       N/A       1%          2
 Wereblood                Tmut           55%        N/A       1%          2
 Cigotuvi's Dreadful Rot  Necr/Pois/Air  94%        N/A       2%          2
 Mephitic Cloud           Conj/Pois/Air  47%        N/A       4%          3
 Passwall                 Tmut/Erth      25%        N/A       6%          2
 Necrotise                Necr           24%        1d5       19%         1
 Shock                    Conj/Air       24%        1d4       19%         1
 Slow                     Hex            24%        N/A       19%         1
 Summon Small Mammal      Summ           24%        N/A       19%         1
 Blade Hands              Tmut           27%        N/A       22%         5
 Lesser Beckoning         Tloc           12%        N/A       28%         2
 Momentum Strike          Conj/Tloc      12%        3d8       28%         2
 Sublimation of Blood     Necr           6%         N/A       28%         2
 Ice Form                 Ice/Tmut       31%        N/A       36%         4
 Petrify                  Tmut/Erth      31%        N/A       36%         4
 Call Canine Familiar     Summ           6%         N/A       50%         3
 Confusing Touch          Hex            6%         N/A       50%         3
 Gell's Gravitas          Tloc           6%         N/A       50%         3
 Hailstorm                Conj/Ice       6%         3d4       50%         3
 Inner Flame              Hex/Fire       6%         N/A       50%         3
 Ozocubu's Armour         Ice            6%         N/A       50%         3
 Portal Projectile        Hex/Tloc       12%        N/A       50%         3
 Summon Guardian Golem    Hex/Summ       6%         N/A       50%         3
 Teleport Other           Tloc           6%         N/A       50%         3
 Tukima's Dance           Hex            6%         N/A       50%         3
 Vampiric Draining        Necr           6%         2d6       50%         3
 Vhi's Electric Charge    Tloc/Air       12%        N/A       50%         3
 Irradiate                Conj/Tmut      15%        3d16      71%         5
 Yara's Violent Unravell  Hex/Tmut       15%        3d8       71%         5
 Airstrike                Air            3%         2d(1-17)  88%         4
 Cause Fear               Hex            3%         N/A       88%         4
 Dispel Undead            Necr           6%         3d8       88%         4
 Flame Wave               Conj/Fire      6%         2d5       88%         4
 Passage of Golubria      Tloc           6%         N/A       88%         4
 Sticky Flame             Conj/Fire      6%         2d3       88%         4
 Summon Lightning Spire   Summ/Air       6%         N/A       88%         4
 Agony                    Necr           6%         N/A       99%         5
 Arcjolt                  Conj/Air       3%         1d13      99%         5
 Borgnjor's Vile Clutch   Necr/Erth      3%         N/A       99%         5
 Fireball                 Conj/Fire      3%         3d4       99%         5
 Metabolic Englaciation   Hex/Ice        3%         N/A       99%         5
 Death Channel            Necr           3%         N/A       100%        6
 Dispersal                Tloc           3%         N/A       100%        6
 Simulacrum               Ice/Necr       3%         N/A       100%        6
 Malign Gateway           Summ/Tloc      3%         N/A       100%        7
 Monstrous Menagerie      Summ           3%         N/A       100%        7
 Ozocubu's Refrigeration  Ice            3%         4d8       100%        7
 Storm Form               Tmut/Air       15%        N/A       100%        7
 Summon Hydra             Summ           3%         N/A       100%        7
 Discord                  Hex            3%         N/A       100%        8
 Ignition                 Fire           3%         3d4       100%        8
 Lehudib's Crystal Spear  Conj/Erth      3%         10d2      100%        8
 Maxwell's Capacitive Co  Air            3%         ∞         100%        8
 Summon Horrible Things   Summ           3%         N/A       100%        8
 Chain Lightning          Conj/Air       3%         3d4       100%        9
 Fire Storm               Conj/Fire      3%         8d1       100%        9
 Shatter                  Erth           3%         3d7*      100%        9
 Blink                    Tloc           Unusable   N/A       N/A         2
 Swiftness                Air            Unusable   N/A       N/A         3

Dungeon Overview and Level Annotations

Branches:
Dungeon (15/15)            Temple (1/1) D:7            Lair (5/5) D:8
  Swamp (4/4) Lair:3       Spider (0/4) Lair:3          Orc (2/2) D:10
    Elf (3/3) Orc:2        Vaults (0/5) D:14         Depths (0/4) D:15
  IceCv (visited)         Gauntlet (visited)
  Slime: Lair:4-5

Altars:
Ashenzari
Cheibriados
Dithmenos
Fedhas
Gozag
Kikubaaqudgha
Makhleb
Nemelex Xobeh
Ru
Sif Muna
Trog
Vehumet
Wu Jian
Xom
The Shining One
Jiyva

Shops:
D:1 [   D:5 (   D:8 =   D:15 (   Orc:1 :   Orc:2 :[![

Portals:
Abyss: D:10

Annotations:
D:9 fly
D:10 2 transporters, Leeroy's ghost, journeyman TeWr
Lair:1 2 transporters, bmj180's ghost, journeyman GrEE
Lair:4 exclusion: oklob plant
Swamp:1 2 runed translucent doors, rigao's ghost, adept GrHW
Swamp:4 Lernaean hydra


Innate Abilities, Weirdness & Mutations

You cannot be hasted, slowed, berserked, paralysed or teleported.
You can dig through walls and to a lower floor.
You have a pair of large antennae on your head. (SInv)
Your four strong arms can wield two-handed weapons with a shield.
You expend magic power (3 MP) to strengthen your wands.


Message History

The 24-headed Lernaean hydra misses you.
The 24-headed Lernaean hydra completely misses you. x3
You block the 24-headed Lernaean hydra's attack.
The 24-headed Lernaean hydra completely misses you.
The 24-headed Lernaean hydra bites you.
* * * LOW HITPOINT WARNING * * *
The 24-headed Lernaean hydra bites you but does no damage.
The 24-headed Lernaean hydra barely misses you.
The 24-headed Lernaean hydra bites you but does no damage.
The 24-headed Lernaean hydra closely misses you.
The 24-headed Lernaean hydra bites you.
* * * LOW HITPOINT WARNING * * *
The 24-headed Lernaean hydra bites you but does no damage.
You block the 24-headed Lernaean hydra's attack.
The 24-headed Lernaean hydra completely misses you. x2
The 24-headed Lernaean hydra bites you!
* * * LOW HITPOINT WARNING * * *
The 24-headed Lernaean hydra bites you!
* * * LOW HITPOINT WARNING * * *
The 24-headed Lernaean hydra barely misses you.
The 24-headed Lernaean hydra bites you but does no damage.
The 24-headed Lernaean hydra closely misses you.
The 24-headed Lernaean hydra bites you but does no damage.
The 24-headed Lernaean hydra bites you!
* * * LOW HITPOINT WARNING * * *
The 24-headed Lernaean hydra completely misses you.
The 24-headed Lernaean hydra bites you!
* * * LOW HITPOINT WARNING * * *
You block the 24-headed Lernaean hydra's attack.
The 24-headed Lernaean hydra completely misses you.
The 24-headed Lernaean hydra bites you.
* * * LOW HITPOINT WARNING * * *
You block the 24-headed Lernaean hydra's attack.
The 24-headed Lernaean hydra bites you but does no damage.
The 24-headed Lernaean hydra closely misses you.
The 24-headed Lernaean hydra bites you.
* * * LOW HITPOINT WARNING * * *
The 24-headed Lernaean hydra misses you.
The 24-headed Lernaean hydra bites you.
You die...

#~♣~##.~.≈#.#≈.≈.§§~#~≈
≈≈≈≈≈~..≈~~.~~≈..~≈§~~
#.###≈#~~≈#≈#.~.#≈~###
~#..#≈≈#~#...#~~~≈.#.#
#...#≈#~.≈...≈.≈#≈#..#
#.#.≈≈♣~#...#~~≈≈.#.#
#~#~#~~.#≈#~~.~≈≈~##~~
##~≈~.≈§~.~~..≈G~≈~§≈≈
##~#~.~#≈#..~@D~D#≈#≈
♣#.#~♣~#~♣≈.†#~#.#≈
♣#~≈~≈≈≈≈~~##.~§.≈
##~≈~###≈~# ~~##{~
##~#. #§~. #G . ## .
#~§#~ .. ~≈# { φ# ~≈§


You could see the 24-headed Lernaean hydra, a swamp dragon (slow) and a great
orb of eyes (slow).

Vanquished Creatures
  Bai Suzhen (Elf:3)
  Saint Roka (Elf:3)
  Nikola (Swamp:2)
  3 deep elf blademasters (Elf:3)
  Asterion (Elf:1)
  4 deep elf master archers (Elf:3)
  Frances (D:12)
  6 deep elf sorcerers
  2 very ugly things
  A reaper (IceCv)
  3 deep elf elementalists (Elf:3)
  5 eleionomae
  Azrael (Elf:1)
  6 deep elf demonologists
  A minotaur (Gauntlet)
  4 bunyips
  5 deep elf annihilators (Elf:3)
  7 deep elf death magi
  2 ettins
  4 deep elf high priests
  3 great orbs of eyes (Abyss:2)
  A fire dragon (D:12)
  Fannar (D:10)
  2 shambling mangroves
  A hell beast (Swamp:4)
  11 hydras
  3 ogre magi
  2 rakshasas
  3 catoblepae
  6 centaur warriors
  A merfolk avatar (Lair:5)
  6 boulder beetles (D:12)
  15 two-headed ogres
  9 alligators
  10 death yaks
  27 dancing weapons
  A death knight (D:12)
  4 tengu warriors
  18 deep elf knights
  5 thrashing horrors (Abyss:2)
  6 orc high priests
  A deep troll earth mage (D:12)
  A soul eater (Abyss:2)
  Nergalle (D:11)
  Sonja (Lair:4)
  5 skeletal warriors (D:12)
  2 flayed ghosts
  3 goliath frogs (Swamp:2)
  An anaconda zombie (Abyss:2)
  A deep troll (D:15)
  3 spriggan druids
  A lindwurm (Lair:2)
  4 bog bodies
  10 deep elf archers
  A wizard (D:15)
  A necromancer (D:15)
  Pikel (D:9)
  3 harpies (Lair:5)
  11 orc knights
  4 swamp dragons
  28 deep elf zephyrmancers
  48 deep elf pyromancers
  9 cyclopes
  4 orc sorcerers
  20 ugly things
  6 will-o-the-wisps
  6 manticores
  An oklob plant (Lair:5)
  2 worldbinders (Abyss:2)
  An apocalypse crab (Abyss:2)
  2 torpor snails
  10 elephants (Lair:5)
  4 smoke demons (Abyss:2)
  5 black mambas
  6 gargoyles
  An ice statue (IceCv)
  An alligator snapping turtle zombie (Abyss:2)
  8 cane toads
  3 orange demons (Swamp:4)
  4 unseen horrors
  5 rime drakes
  9 komodo dragons
  An efreet (D:13)
  3 ice devils
  2 yaktaurs
  4 ancient zymes (Abyss:2)
  3 meliai (Lair:4)
  A polar bear (Lair:5)
  6 trolls
  A queen bee (Lair:4)
  12 hornets
  9 tyrant leeches
  2 wind drakes (Lair:5)
  Prince Ribbit (D:6)
  5 raiju (Abyss:2)
  A blink frog (shapeshifter) (Elf:1)
  11 blink frogs
  28 slime creatures
  Sigmund (D:2)
  8 spriggans
  A ynoxinul (Abyss:2)
  2 jumping spiders (shapeshifter)
  9 shadows
  6 flying skulls (Abyss:2)
  A dire elephant simulacrum (IceCv)
  3 wraiths (D:12)
  2 water elementals
  3 air elementals
  A human (shapeshifter) (Elf:2)
  7 wyverns
  40 yaks
  2 fire bats (Abyss:2)
  2 basilisks
  10 fire elementals
  16 humans (D:14)
  9 starcursed masses (Abyss:2)
  4 steam dragons
  2 redbacks (Lair:3)
  A chaos spawn (Abyss:2)
  15 vampire mosquitoes
  A warg (Orc:2)
  2 neqoxecs (Abyss:2)
  Menkaure (D:4)
  2 death yak simulacra (IceCv)
  11 swamp worms
  A harpy simulacrum (IceCv)
  13 water moccasins
  2 hydra simulacra (IceCv)
  5 hell hounds
  3 acid dragons
  A floating eye (shapeshifter) (D:8)
  Duvessa (D:6)
  5 large abominations
  2 sky beasts
  2 swamp drakes
  3 ice beasts
  2 black bears
  A black bear (shapeshifter) (D:14)
  47 orc warriors
  17 ogres
  2 centaurs
  2 lemures (D:9)
  2 phantoms
  8 kobold brigands
  12 bullfrogs
  4 gnoll sergeants
  6 cane toad simulacra (IceCv)
  A necrophage (D:8)
  4 earth elementals
  3 two-headed ogre simulacra (IceCv)
  11 wights
  33 killer bees
  4 small abominations (Abyss:2)
  Dowan (D:6)
  An electric eel (D:14)
  7 howler monkeys
  2 hounds
  A quasit (Abyss:2)
  2 jellies (D:7)
  30 orc priests
  2 gnoll boudas
  An iron imp (Abyss:2)
  9 iguanas
  20 orc wizards
  6 troll simulacra (IceCv)
  5 spriggan simulacra (IceCv)
  3 wolf simulacra (IceCv)
  24 gnolls
  8 adders
  3 naga simulacra (IceCv)
  5 white imps
  6 ufetubi
  3 worms
  A dart slug (D:3)
  89 orcs
  8 bats
  8 endoplasms
  2 giant cockroaches (D:4)
  17 goblins
  14 hobgoblins
  5 quokkas
  4 ball pythons
  3 frilled lizards
  41 kobolds
  3 rats
1215 creatures vanquished.

Vanquished Creatures (collateral kills)
  An elephant simulacrum (IceCv)
  A troll simulacrum (IceCv)
2 creatures vanquished.

Vanquished Creatures (others)
  A blizzard demon (Abyss:2)
  2 deep elf zephyrmancers (Elf:1)
  A spriggan (Swamp:2)
  A yak (D:12)
  A water elemental (Elf:1)
  2 death yak simulacra (IceCv)
  An orc warrior (Elf:3)
  A two-headed ogre simulacrum (IceCv)
  26 foxfires
  23 fungi
  67 plants
126 creatures vanquished.

Grand Total: 1343 creatures vanquished

Notes
Turn   | Place    | Note
-------+----------+-------------------------------------------
     0 | D:1      | mopl the Formicid Venom Mage began the quest for the Orb.
     0 | D:1      | Reached XP level 1. HP: 13/13 MP: 3/3
    25 | D:1      | Found Waseyr's Armour Shop.
   288 | D:1      | Reached XP level 2. HP: 16/19 MP: 5/5
   840 | D:2      | Reached skill level 1 in Axes
   840 | D:2      | Reached XP level 3. HP: 13/24 MP: 7/7
   936 | D:2      | Reached skill level 3 in Spellcasting
  1118 | D:2      | Reached XP level 4. HP: 30/30 MP: 8/8
  1224 | D:2      | Reached skill level 5 in Poison Magic
  1338 | D:2      | Noticed Sigmund
  1345 | D:2      | Learned a level 4 spell: Olgreb's Toxic Radiance
  1363 | D:2      | Killed Sigmund
  1364 | D:2      | Reached skill level 2 in Axes
  1364 | D:2      | Reached skill level 4 in Spellcasting
  1364 | D:2      | Reached XP level 5. HP: 18/35 MP: 11/11
  1364 | D:2      | Reached XP level 6. HP: 22/41 MP: 12/12
  1567 | D:2      | Reached skill level 6 in Poison Magic
  1618 | D:3      | Found a faded altar of an unknown god.
  1941 | D:3      | Found a burning altar of Makhleb.
  1942 | D:3      | Found a blossoming altar of Fedhas.
  2447 | D:4      | Found a shadowy altar of Dithmenos.
  2567 | D:4      | Reached skill level 3 in Axes
  2620 | D:4      | Reached skill level 1 in Fighting
  2620 | D:4      | Reached skill level 1 in Armour
  2625 | D:4      | Noticed Menkaure
  2626 | D:4      | Reached XP level 7. HP: 30/48 MP: 13/13
  2688 | D:3      | Identified 2 scrolls of acquirement
  2688 | D:3      | Acquired the brooch of Shielding {Spirit SH+8}
  2688 | D:3      | Found the brooch of Shielding {Spirit SH+8}
  2695 | D:3      | Acquired 512 gold pieces
  2840 | D:4      | Killed Menkaure
  2841 | D:4      | Reached skill level 2 in Fighting
  2841 | D:4      | Reached skill level 2 in Armour
  3161 | D:4      | Reached skill level 4 in Axes
  3161 | D:4      | Reached skill level 7 in Poison Magic
  3279 | D:4      | Reached XP level 8. HP: 53/57 MP: 14/14
  3490 | D:4      | Reached skill level 3 in Fighting
  3490 | D:4      | Reached skill level 3 in Armour
  3800 | D:5      | Entered Level 5 of the Dungeon
  3866 | D:5      | Found Adanuk's Antique Weapon Boutique.
  4639 | D:6      | Reached skill level 4 in Fighting
  4639 | D:6      | Reached skill level 4 in Armour
  4668 | D:6      | Reached skill level 8 in Poison Magic
  4675 | D:6      | Reached skill level 5 in Axes
  4685 | D:6      | Reached XP level 9. HP: 48/66 MP: 10/15
  5020 | D:6      | Noticed Prince Ribbit
  5024 | D:6      | Killed Prince Ribbit
  5025 | D:6      | Reached skill level 5 in Fighting
  5025 | D:6      | Reached skill level 5 in Armour
  5124 | D:6      | Reached skill level 9 in Poison Magic
  5125 | D:6      | HP: 3/68 [something (5)]
  5386 | D:6      | Noticed Dowan
  5414 | D:6      | Noticed Duvessa
  5418 | D:6      | Killed Dowan
  5422 | D:6      | Killed Duvessa
  5423 | D:6      | Reached skill level 6 in Axes
  6015 | D:7      | Found a shimmering altar of Xom.
  6061 | D:7      | Reached skill level 6 in Fighting
  6061 | D:7      | Reached skill level 6 in Armour
  6167 | D:7      | Acquired 909 gold pieces
  6230 | D:7      | Found a staircase to the Ecumenical Temple.
  6246 | D:7      | Reached XP level 10. HP: 76/76 MP: 16/16
  6257 | Temple   | Entered the Ecumenical Temple
  6341 | Temple   | Became a worshipper of Cheibriados the Contemplative
  6426 | D:7      | Reached skill level 1 in Invocations
  6433 | D:7      | Reached skill level 10 in Poison Magic
  6722 | D:8      | Reached skill level 2 in Invocations
  6778 | D:8      | Reached skill level 7 in Axes
  6785 | D:8      | Reached * piety under Cheibriados
  6805 | D:8      | Reached skill level 3 in Invocations
  6809 | D:8      | Reached skill level 7 in Fighting
  6809 | D:8      | Reached skill level 7 in Armour
  6822 | D:8      | Reached skill level 4 in Invocations
  7045 | D:8      | Found a staircase to the Lair.
  7058 | D:8      | Reached XP level 11. HP: 84/84 MP: 17/17
  7079 | D:8      | Reached skill level 11 in Poison Magic
  7087 | D:8      | Reached ** piety under Cheibriados
  7116 | D:8      | Found a large runed translucent door.
  7116 | D:8      | Found a large runed translucent door.
  7160 | D:8      | Found a large runed translucent door.
  7160 | D:8      | Found a large runed translucent door.
  7218 | D:8      | Identified the ring "Sami" {+Blink rF- rN+ MP+9 Int+3}
  7289 | D:8      | Reached skill level 2 in Dodging
  7322 | D:8      | Found Nuz Lul's Jewellery Shoppe.
  7512 | D:8      | Reached skill level 5 in Invocations
  7764 | D:9      | Reached skill level 8 in Armour
  7805 | D:9      | Reached skill level 8 in Axes
  7808 | D:9      | Reached skill level 8 in Fighting
  8046 | D:9      | Reached *** piety under Cheibriados
  8141 | D:9      | Noticed Pikel
  8148 | D:9      | Killed Pikel
  8149 | D:9      | Reached skill level 3 in Dodging
  8275 | D:9      | Identified the +0 trident of Quick Death {pain, *Rage
                  | Dex+5}
  8465 | D:10     | Entered Level 10 of the Dungeon
  8465 | D:10     | Found an ancient bone altar of Kikubaaqudgha.
  8480 | D:10     | Noticed Fannar
  8498 | D:10     | Killed Fannar
  8499 | D:10     | Reached skill level 6 in Invocations
  8820 | D:10     | Noticed a two-headed ogre
  8829 | D:10     | Killed a two-headed ogre
  8830 | D:10     | Reached skill level 12 in Poison Magic
  8857 | D:10     | Noticed a two-headed ogre
  8865 | D:10     | Killed a two-headed ogre
  8866 | D:10     | Reached XP level 12. HP: 73/94 MP: 15/18
  8900 | D:10     | Reached **** piety under Cheibriados
  8955 | D:10     | Found a transporter.
  9014 | D:10     | Found a staircase to the Orcish Mines.
  9023 | D:10     | Reached skill level 9 in Armour
  9023 | D:10     | Reached skill level 4 in Dodging
  9027 | D:10     | Reached skill level 9 in Fighting
  9143 | D:10     | Found a transporter.
  9169 | D:10     | Noticed Leeroy's ghost (journeyman TeWr)
  9198 | D:10     | Found a one-way gate to the infinite horrors of the Abyss.
  9213 | D:10     | Found an opulent altar of Gozag.
  9362 | Orc:1    | Entered Level 1 of the Orcish Mines
  9370 | Orc:1    | Found a frozen archway.
  9377 | Orc:1    | Reached ***** piety under Cheibriados
  9378 | Orc:1    | Reached skill level 7 in Invocations
  9388 | Orc:1    | Reached skill level 9 in Axes
  9396 | IceCv    | Entered an ice cave
  9597 | IceCv    | Found the +4 skin of Zhor {*Englaciate rC+++ SInv}
  9745 | IceCv    | Noticed a reaper
  9785 | IceCv    | Reached skill level 1 in Evocations
  9789 | IceCv    | Killed a reaper
 10131 | Orc:1    | Noticed an orc high priest
 10134 | Orc:1    | Noticed a sixfirhy
 10138 | Orc:1    | Killed an orc high priest
 10139 | Orc:1    | Reached skill level 2 in Evocations
 10179 | Orc:1    | Found Lesuosor's Magic Scroll Boutique.
 10199 | Orc:1    | Reached skill level 5 in Dodging
 10214 | Orc:1    | Bought a scroll of butterflies for 48 gold pieces
 10214 | Orc:1    | Bought a scroll of butterflies for 48 gold pieces
 10214 | Orc:1    | Bought a scroll of magic mapping for 90 gold pieces
 10214 | Orc:1    | Bought a scroll of fear for 48 gold pieces
 10214 | Orc:1    | Bought a scroll of immolation for 48 gold pieces
 10214 | Orc:1    | Bought a scroll of fear for 48 gold pieces
 10227 | Orc:1    | Noticed a sixfirhy
 10230 | Orc:1    | Reached XP level 13. HP: 86/102 MP: 5/19
 10231 | Orc:1    | Reached ****** piety under Cheibriados
 10232 | Orc:1    | Reached skill level 13 in Poison Magic
 10234 | Orc:1    | Reached skill level 8 in Invocations
 10238 | Orc:1    | Found Binutoide's Vocational Training.
 10412 | Orc:1    | Reached skill level 3 in Evocations
 10419 | Orc:1    | Reached skill level 10 in Armour
 10846 | Orc:2    | Entered Level 2 of the Orcish Mines
 10851 | Orc:2    | Noticed an ogre mage
 10862 | Orc:2    | Killed an ogre mage
 10863 | Orc:2    | Reached skill level 10 in Fighting
 11017 | Orc:2    | Found a staircase to the Elven Halls.
 11309 | Orc:2    | Reached skill level 4 in Evocations
 11370 | Orc:2    | Reached skill level 10 in Axes
 11697 | Orc:2    | Reached skill level 6 in Dodging
 11697 | Orc:2    | Reached skill level 9 in Invocations
 11992 | Orc:2    | Found Taalaif's Book Shop.
 11995 | Orc:2    | Found Nuxu Hots's Distillery.
 11996 | Orc:2    | Found Feczorpha's Armour Shop.
 11997 | Orc:2    | Found Enoesog's Armour Boutique.
 12001 | Orc:2    | Bought a potion of flight for 33 gold pieces
 12001 | Orc:2    | Bought 2 potions of heal wounds for 110 gold pieces
 12001 | Orc:2    | Bought a potion of curing for 33 gold pieces
 12001 | Orc:2    | Bought a potion of curing for 33 gold pieces
 12001 | Orc:2    | Bought a potion of curing for 33 gold pieces
 12001 | Orc:2    | Bought a potion of curing for 33 gold pieces
 12001 | Orc:2    | Bought 2 potions of curing for 66 gold pieces
 12385 | Lair:1   | Entered Level 1 of the Lair of Beasts
 12432 | Lair:1   | Reached XP level 14. HP: 111/111 MP: 20/20
 12480 | Lair:1   | Reached skill level 5 in Evocations
 12807 | Lair:1   | Found a transporter.
 12808 | Lair:1   | Found a transporter.
 12826 | Lair:1   | Noticed bmj180's ghost (journeyman GrEE)
 12899 | Lair:1   | Reached skill level 14 in Poison Magic
 13354 | Lair:2   | Found a gate leading to a gauntlet.
 13367 | Gauntlet | Entered a Gauntlet
 13367 | Gauntlet | Found a transporter.
 13367 | Gauntlet | Found a transporter.
 13367 | Gauntlet | Found a transporter.
 13368 | Gauntlet | Found a transporter.
 13369 | Gauntlet | Found a transporter.
 13372 | Gauntlet | Found a transporter.
 13379 | Gauntlet | Found a transporter.
 13381 | Gauntlet | Found a transporter.
 13383 | Gauntlet | Found a transporter.
 13385 | Gauntlet | Found a transporter.
 13392 | Gauntlet | Found a transporter.
 13418 | Gauntlet | Found a transporter.
 13595 | Gauntlet | Reached skill level 11 in Armour
 13622 | Gauntlet | Noticed a minotaur
 13667 | Gauntlet | Killed a minotaur
 13854 | Lair:2   | Reached skill level 11 in Fighting
 14006 | Lair:2   | Reached skill level 6 in Evocations
 14679 | Lair:2   | Reached skill level 10 in Invocations
 14922 | Lair:3   | Found a hole to the Spider Nest.
 15047 | Lair:3   | Reached skill level 7 in Dodging
 15246 | Lair:3   | Found a staircase to the Swamp.
 15293 | Lair:3   | Reached skill level 11 in Axes
 15806 | Lair:4   | Found a viscous altar of Jiyva.
 15926 | Lair:4   | Reached XP level 15. HP: 119/119 MP: 21/22
 16049 | Lair:4   | Noticed Sonja
 16057 | Lair:4   | Killed Sonja
 16471 | Lair:5   | Entered Level 5 of the Lair of Beasts
 16495 | Lair:5   | Reached skill level 7 in Evocations
 16655 | Lair:5   | Identified the ring "Bor Poeg" {rElec rCorr Slay+4}
 16798 | Lair:5   | Reached skill level 15 in Poison Magic
 16903 | Lair:5   | Reached skill level 1 in Shields
 17017 | Lair:5   | Reached skill level 2 in Shields
 17188 | Lair:5   | Reached skill level 12 in Armour
 17314 | Lair:5   | Reached skill level 11 in Invocations
 17404 | Lair:5   | Reached skill level 12 in Fighting
 17429 | Lair:5   | Reached skill level 3 in Shields
 18081 | D:11     | Noticed Nergalle
 18089 | D:11     | Killed Nergalle
 18092 | D:11     | Reached skill level 8 in Dodging
 18178 | D:11     | Reached skill level 8 in Evocations
 18188 | D:11     | Identified the +7 scale mail of Free Expression {rF- Regen+
                  | Str+7}
 18189 | D:11     | Identified the +8 broad axe of Glory {freeze, rElec Int+2}
 18192 | D:11     | Identified the +11 sling of Fee Simple {elec, Int+3 Dex+3}
 18196 | D:11     | Identified the +12 battleaxe of Bilamoc {flame, Will+}
 18453 | D:11     | Reached skill level 4 in Shields
 18453 | D:11     | Reached XP level 16. HP: 127/127 MP: 20/24
 19419 | D:12     | Reached skill level 5 in Shields
 19435 | D:12     | Identified the ring "Luj Mufe" {rPois rCorr Str+3 Slay+3}
 19437 | D:12     | Reached skill level 12 in Axes
 19464 | D:12     | You fall into a shaft and drop 2 floors!
 19794 | D:14     | Found a gate to the Vaults.
 19834 | D:14     | Reached skill level 16 in Poison Magic
 19835 | D:14     | Reached skill level 12 in Invocations
 20037 | D:12     | Reached skill level 6 in Shields
 20175 | D:12     | Reached skill level 9 in Evocations
 20206 | D:12     | Noticed Frances
 20226 | D:12     | Killed Frances
 20227 | D:12     | Reached skill level 13 in Armour
 20231 | D:12     | You fall into a shaft and drop 3 floors!
 20231 | D:15     | Entered Level 15 of the Dungeon
 20474 | D:15     | Reached XP level 17. HP: 135/135 MP: 26/26
 20505 | Abyss:2  | Cast into level 2 of the Abyss (a wizard)
 20686 | Abyss:2  | Found a corrupted altar of Lugonu.
 20734 | Abyss:2  | Reached skill level 13 in Fighting
 20741 | Abyss:2  | Reached skill level 9 in Dodging
 20762 | Abyss:2  | Found a corrupted altar of Lugonu.
 20768 | Abyss:2  | Found a corrupted altar of Lugonu.
 20903 | Abyss:2  | Gained mutation: You expend magic power (3 MP) to
                  | strengthen your wands. [a neqoxec]
 20910 | Abyss:2  | Reached skill level 7 in Shields
 21098 | Abyss:2  | Found a corrupted altar of Lugonu.
 21238 | D:15     | Escaped the Abyss
 21842 | D:13     | Learned a level 5 spell: Alistair's Intoxication
 21849 | D:13     | Learned a level 6 spell: Eringya's Noxious Bog
 22486 | D:14     | Reached skill level 13 in Invocations
 22497 | D:14     | Reached skill level 2 in Transmutations
 22501 | D:14     | Reached skill level 8 in Shields
 22775 | D:15     | Found a staircase to the Depths.
 22886 | D:15     | Reached skill level 10 in Evocations
 23013 | D:15     | Found Laomusch's Antique Weapon Emporium.
 23561 | Elf:1    | Entered Level 1 of the Elven Halls
 23572 | Elf:1    | Reached XP level 18. HP: 144/144 MP: 24/28
 23595 | Elf:1    | Reached skill level 3 in Transmutations
 23690 | Elf:1    | Noticed Asterion
 23699 | Elf:1    | Killed Asterion
 23835 | Elf:1    | Noticed Azrael
 23845 | Elf:1    | Reached skill level 17 in Poison Magic
 23864 | Elf:1    | Killed Azrael
 24031 | Elf:1    | Found a radiant altar of Vehumet.
 24040 | Elf:1    | Reached skill level 13 in Axes
 24289 | Elf:1    | Reached skill level 4 in Transmutations
 24291 | Elf:1    | Reached skill level 9 in Shields
 24293 | Elf:1    | Reached skill level 14 in Invocations
 24621 | Elf:1    | Got the Verses on Arcane Combat
 25014 | Elf:1    | Reached skill level 10 in Dodging
 25042 | Elf:2    | Reached skill level 14 in Armour
 25361 | Elf:2    | Noticed a Tzitzimitl
 25362 | Elf:2    | Reached skill level 14 in Fighting
 25467 | Elf:2    | Reached skill level 5 in Transmutations
 25480 | Elf:2    | Noticed a Hell Sentinel
 25488 | Elf:2    | Reached XP level 19. HP: 149/152 MP: 12/30
 25796 | Elf:2    | Found a runed translucent gate.
 25797 | Elf:2    | Found a runed translucent gate.
 25797 | Elf:2    | Found a runed translucent gate.
 25917 | Elf:2    | Reached skill level 11 in Evocations
 26240 | Elf:2    | Reached skill level 10 in Shields
 26241 | Elf:2    | Reached skill level 15 in Invocations
 26368 | Elf:3    | Entered Level 3 of the Elven Halls
 26844 | Elf:3    | Noticed Saint Roka
 26867 | Elf:3    | Killed Saint Roka
 27057 | Elf:3    | Reached skill level 6 in Transmutations
 27629 | Elf:3    | Reached skill level 18 in Poison Magic
 27674 | Elf:3    | Identified the amulet "Dililaf" {Acrobat rF++ Dex+3}
 27683 | Elf:3    | Identified the +9 halberd "Bathuitt" {holy, rElec Str+2
                  | Int-3 Dex+2}
 27726 | Elf:3    | Noticed a deep elf blademaster
 27727 | Elf:3    | Noticed a deep elf blademaster
 27731 | Elf:3    | Noticed Bai Suzhen
 27737 | Elf:3    | Killed a deep elf blademaster
 27746 | Elf:3    | Killed a deep elf blademaster
 27747 | Elf:3    | Reached XP level 20. HP: 53/160 MP: 25/31
 27761 | Elf:3    | Killed Bai Suzhen
 27766 | Elf:3    | Reached skill level 11 in Shields
 27768 | Elf:3    | Reached skill level 16 in Invocations
 28012 | Elf:3    | Found the +3 pair of seven-league boots {Rampage+∞}
 28025 | Elf:3    | Identified the +3 trident "Hiaqef" {venom, rF+ Str+3}
 28027 | Elf:3    | Identified the +6 hand axe "Hirhofoc" {pain, *Noise Str+4
                  | Stlth+}
 28033 | Elf:3    | Got the Octavo of Unholy Words and Arcane Weapons
 28037 | Elf:3    | Identified the +10 hand axe of Dadef {holy, Will+ Str-5
                  | Dex+5 SInv}
 28037 | Elf:3    | Identified the +2 leather armour of Lugonu's Hope {rPois
                  | rCorr Str+2 Dex+3}
 28042 | Elf:3    | Got the Compendium of Snowy Lava
 28049 | Elf:3    | Got Sif Muna's Octavo of the Quarry and Phantasms
 28565 | Swamp:1  | Entered Level 1 of the Swamp
 28669 | Swamp:1  | Found a large runed translucent door.
 28670 | Swamp:1  | Found a large runed translucent door.
 28690 | Swamp:1  | Reached skill level 3 in Stealth
 28759 | Swamp:1  | Noticed rigao's ghost (adept GrHW)
 29114 | Swamp:2  | Reached skill level 14 in Axes
 29114 | Swamp:2  | Reached skill level 7 in Transmutations
 29289 | Swamp:2  | You are sucked into a shaft and drop 1 floor!
 29298 | Swamp:3  | Reached skill level 4 in Stealth
 29652 | Swamp:2  | Noticed Nikola
 29663 | Swamp:2  | Killed Nikola
 29664 | Swamp:2  | Reached skill level 11 in Dodging
 29670 | Swamp:2  | Reached skill level 12 in Evocations
 30067 | Swamp:2  | Reached skill level 5 in Stealth
 30586 | Swamp:4  | Entered Level 4 of the Swamp
 30594 | Swamp:4  | Reached skill level 15 in Armour
 30668 | Swamp:4  | Reached skill level 6 in Stealth
 31015 | Swamp:4  | Reached skill level 15 in Fighting
 31051 | Swamp:4  | Noticed the 27-headed Lernaean hydra
 31060 | Swamp:4  | HP: 5/162 [the 24-headed Lernaean hydra (5)]
 31060 | Swamp:4  | HP: 2/162 [the 24-headed Lernaean hydra (3)]
 31060 | Swamp:4  | Slain by the 24-headed Lernaean hydra

Illustrated notes

Levels and vault maps discovered:
D:1:      tarquinn_simple_flora_water_e, layout_rooms, serial_shops, shop,
          serial_corexii_hall, chequers_hall_statues_wall_a,
          corexii_hall_statues_x, corexii_hall_statues_i,
          corexii_hall_statues_x, corexii_hall_statues_x,
          chequers_hall_statues_y, roderic_roman_lattice
D:2:      layout_rooms, kennysheep_doodads, kennysheep_generic_room_5,
          uniq_sigmund
D:3:      layout_basic, nicolae_overflow_squiral,
          hellmonk_ecumenical_altar_blasted
D:4:      corexii_shantytown, layout_basic, nicolae_dithmenos_shadow_blocks,
          pf_guarded_unrand_woodcutter, uniq_menkaure
D:5:      layout_loops_ring, serial_shops, nicolae_diamond_shop
D:6:      layout_basic, nicolae_zen_rock_garden, uniq_prince_ribbit1,
          uniq_duvessa
D:7:      layout_basic, dk_xom_monty_hall, minmay_temple_entry_nine_rooms
D:8:      layout_loops_ring, minmay_lair_entry_grove, serial_shops, shop,
          minmay_hollow_rounded_squares
D:9:      layout_basic, evilmike_minifort, uniq_pikel
D:10:     layout_rooms, grunt_gozag_breadcrumbs, mainiacjoe_overflow_chevrons,
          kennysheep_orc_monster_closet_entryway,
          gammafunk_ghost_abyssal_escape, uniq_fannar
D:11:     minmay_complete_graph, layout_basic, corner_web_ring,
          minmay_librarian, uniq_nergalle
D:12:     minmay_the_grid_square_5x5_5x5_mashed [minmay_the_grid_square_5x5_n,
          minmay_the_grid_square_5x5_slash, minmay_the_grid_square_5x5_lines,
          minmay_the_grid_square_5x5_inverted_slash,
          minmay_the_grid_square_5x5_gyroscope, minmay_the_grid_square_5x5_tie,
          minmay_the_grid_square_5x5_prize_gold,
          minmay_the_grid_square_5x5_fat_x,
          minmay_the_grid_square_5x5_prize_waves,
          minmay_the_grid_square_5x5_beaten_path,
          minmay_the_grid_square_5x5_minibox,
          minmay_the_grid_square_5x5_inner_v,
          minmay_the_grid_square_5x5_prize_open, minmay_the_grid_square_5x5_six,
          minmay_the_grid_square_5x5_fancy_junction,
          minmay_the_grid_square_5x5_detours,
          minmay_the_grid_square_5x5_prize_junk,
          minmay_the_grid_square_5x5_shrine2,
          minmay_the_grid_square_5x5_prize_monsterx,
          minmay_the_grid_square_5x5_six_small,
          minmay_the_grid_square_5x5_eight,
          minmay_the_grid_square_5x5_tetrominoes,
          minmay_the_grid_square_5x5_empty,
          minmay_the_grid_square_5x5_sharp_hourglass,
          minmay_the_grid_square_5x5_three], layout_rooms, uniq_frances
D:13:     layout_rooms
D:14:     layout_basic, david_vaults_3, minivault_4
D:15:     hangedman_depths_entry_civil_slaughter, layout_small_grid,
          serial_bayou_shore_a, serial_shops, nicolae_shop_overgrown_old_shop
Temple:   eino_temple_scatter_basement
Lair:1:   layout_chaotic_city, gammafunk_ghost_hive, st_stairs_5,
          chequers_serial_rivers_marsh
Lair:2:   layout_layer_cave, gauntlet_entry_generic,
          chequers_serial_rivers_micro_e, serial_bayou_shore_b
Lair:3:   layout_cave_pods, swamp_mist, spider_nest_entry_webs
Lair:4:   layout_roguey, minmay_slime_entry_oklob_enclosed, special_room
          [special_room_bee], uniq_sonja
Lair:5:   gammafunk_lair_ancient_temple, layout_big_grid,
          minmay_lair_oklob_items, grunt_megastairs_4
Swamp:1:  layout_basic_swamp, ebering_ghost_disaster_area,
          evilmike_swamp_ruin_rubble_2, hangedman_swamp_grove
Swamp:2:  layout_falls_marsh, nicolae_swamp_decorative_isthmus, swamp_pool3,
          hangedman_swamp_cone, nicolae_swamp_wisp_ring_woods, uniq_nikola
Swamp:3:  layout_basic_swamp, nicolae_swamp_oxbows, infiniplex_staircase_pool
Swamp:4:  swamp_vile, layout_basic_swamp, swamp_pool2,
          nicolae_swamp_orc_logging_accident, uniq_louise
Orc:1:    layout_caves, serial_shops, shop, portal_ice_cave_entry_pillars_1,
          enter_volcano_3, nicolae_shop_vocational
Orc:2:    st_orc_pillars, layout_caves
Elf:1:    minmay_elf_arrival_plus, layout_loops_cross, basic_altar,
          minmay_elf_annihilation, serial_sigils_hangedman_gut, uniq_azrael,
          uniq_asterion
Elf:2:    nicolae_elf_blades_crystal_corner, layout_gridlike
Elf:3:    minmay_elf_hall_statues, layout_loops_corners,
          small_statue_intersection, uniq_bai_suzhen, uniq_saint_roka

Skill      XL: |  1  2  3  4  5  6  7  8  9 10 11 12 13 14 15 16 17 18 19 20 |
---------------+-------------------------------------------------------------+-----
Axes           | 1 2 3 4 5 6 7 8 9 10 11 12 13 14 | 14.5
Spellcasting   | 3 4 |  4.0
Poison Magic   | 5 6 7 8 9 10 12 13 14 15 16 17 18 | 18.5
Fighting       | 1 2 4 6 7 8 9 10 11 12 13 14 15 | 15.0
Armour         | 1 2 4 6 7 8 9 10 11 12 13 14 15 | 15.0
Invocations    | 4 6 7 9 10 11 12 13 14 15 16 | 16.0
Dodging        | 3 5 6 7 8 9 10 11 | 11.2
Evocations     | 2 4 6 8 9 10 11 12 | 12.2
Shields        | 4 6 8 9 10 11 | 11.7
Transmutations | 2 5 6 7 |  7.6
Stealth        | 6 |  6.4

Action                     |  1- 3 |  4- 6 |  7- 9 | 10-12 | 13-15 | 16-18 | 19-21 || total
---------------------------+-------+-------+-------+-------+-------+-------+-------++-------
  Melee: Hand axe          |    12 |       |       |       |       |       |       ||    12
         Unarmed           |     5 |       |       |       |       |       |       ||     5
         War axe           |    11 |     8 |    39 |       |       |       |       ||    58
         Punch             |     1 |       |     2 |     3 |     8 |       |       ||    14
         Spear             |     1 |    43 |       |       |    45 |       |       ||    89
         Whip              |       |       |    30 |       |       |       |       ||    30
         Battleaxe         |       |       |   114 |   363 |   459 |   190 |   440 ||  1566
         Broad axe         |       |       |       |       |    24 |   569 |       ||   593
  Throw: Javelin           |       |       |       |     1 |       |       |       ||     1
         Dart              |       |       |       |       |       |     1 |       ||     1
   Cast: Sting             |    39 |    56 |     6 |       |       |       |       ||   101
         Olgreb's Toxic Ra |       |     1 |    22 |    42 |   129 |    90 |    72 ||   356
         Alistair's Intoxi |       |       |       |       |       |       |     3 ||     3
 Invoke: Slouch            |       |       |       |       |     3 |     8 |     9 ||    20
Ability: Shaft Self        |       |       |       |       |       |     2 |       ||     2
  Evoke: Wand              |       |       |       |    24 |     3 |       |     1 ||    28
    Use: Scroll            |       |       |     8 |    15 |     5 |       |       ||    28
         Potion            |       |       |       |     5 |       |     2 |     8 ||    15
   Stab: Sleeping          |     1 |     1 |    11 |     1 |     9 |     2 |     7 ||    32
         Distracted        |       |       |     1 |       |       |     1 |     4 ||     6
         Petrified         |       |       |       |       |     2 |       |       ||     2
         Confused          |       |       |       |       |       |       |     3 ||     3
 Armour: Robe              |     8 |     8 |     9 |       |       |       |       ||    25
         Scale mail        |       |       |       |    71 |       |       |       ||    71
         Troll leather arm |       |       |       |    20 |     4 |       |       ||    24
         Animal skin       |       |       |       |    10 |    88 |    72 |    67 ||   237
  Dodge: Dodged            |    26 |    35 |    86 |   176 |   336 |   309 |   207 ||  1175
  Block: Other             |       |       |    62 |   137 |   179 |       |       ||   378
         Tower shield      |       |       |       |       |    45 |   892 |   503 ||  1440

Table legend: (Time is in decaauts)
 A = Elapsed time spent in this place.
 B = Non-inter-level travel time spent in this place.
 C = Inter-level travel time spent in this place.
 D = Time resting spent in this place.
 E = Time spent auto-exploring this place.
 F = Levels seen in this place.
 G = Mean time per level.
                   A        B        C        D        E       F      G
               +--------+--------+--------+--------+--------+-----+--------+
         Total |  46836 |  42789 |   4047 |   5389 |  25276 |  33 | 1419.3 |
       Dungeon |  19331 |  16985 |   2346 |   2189 |  10890 |  15 | 1288.7 |
        Temple |    107 |     65 |     42 |      0 |     56 |   1 |  107.0 |
          Lair |   9129 |   8424 |    705 |    660 |   6024 |   5 | 1825.8 |
         Swamp |   4300 |   4231 |     69 |    349 |   2870 |   4 | 1075.0 |
  Orcish Mines |   3626 |   3357 |    269 |    614 |   1819 |   2 | 1813.0 |
   Elven Halls |   7678 |   7064 |    614 |   1197 |   3547 |   3 | 2559.3 |
         Abyss |   1106 |   1106 |      0 |    198 |     52 |   1 | 1106.0 |
      Ice Cave |   1033 |   1033 |      0 |    126 |      0 |   1 | 1033.0 |
      Gauntlet |    522 |    522 |      0 |     56 |     16 |   1 |  522.0 |
               +--------+--------+--------+--------+--------+-----+--------+

Top non-repeatable levels by time:
   Elf:3: 2995 daAuts
   Elf:2: 2487 daAuts
  Lair:2: 2329 daAuts
   Orc:2: 2258 daAuts
   Elf:1: 2195 daAuts
  Lair:5: 2159 daAuts
     D:8: 1853 daAuts
    D:12: 1821 daAuts
    D:14: 1747 daAuts
    D:10: 1726 daAuts
  Lair:3: 1719 daAuts
     D:9: 1585 daAuts
  Lair:1: 1552 daAuts
 Swamp:2: 1498 daAuts
    D:15: 1466 daAuts
